 Dungeon Crawl Stone Soup version 0.21.1-1-g345015fe64 (webtiles) character file.

72 Ivernyr the Charmwright (level 4, -3/34 HPs)
             Began as a Demonspawn Skald on Apr 28, 2018.
             Killed from afar by an orc wizard (4 damage)
             ... with a magic dart
             ... on level 2 of the Dungeon.
             The game lasted 00:05:31 (2020 turns).

Ivernyr the Charmwright (Demonspawn Skald)          Turns: 2020, Time: 00:05:32

Health: -3/34      AC:  4    Str: 11    XL:     4   Next: 6%
Magic:  7/7        EV: 17    Int: 14    God:
Gold:   40         SH:  0    Dex: 19    Spells: 2/7 levels left

rFire    . . .     SeeInvis .   a - +1 dagger (speed)
rCold    . . .     Gourm    .   (no shield)
rNeg     . . .     Faith    .   b - +0 leather armour
rPois    .         Spirit   .   (no helmet)
rElec    .         Reflect  .   k - +0 cloak
rCorr    .         Harm     .   (no gloves)
MR       .....                  (no boots)
Stlth    ++++......             (no amulet)
HPRegen  0.11/turn              (no ring)
MPRegen  0.10/turn              (no ring)

@: agile, very slightly contaminated, slowed, very slow
A: talons 1, nightstalker 1
a: no special abilities


You were on level 2 of the Dungeon.
You were not hungry.

You visited 1 branch of the dungeon, and saw 2 of its levels.

You collected 40 gold pieces.

Inventory:

Hand Weapons
 a - a +1 dagger of speed (weapon)
 l - a +0 dagger
Armour
 b - a +0 leather armour (worn)
 k - a +0 cloak (worn)
Scrolls
 e - a scroll of fog {unknown}
 f - 2 scrolls of remove curse {unknown}
 i - 2 scrolls of immolation {unknown}
Books
 c - a book of Battle

   Spells                             Type                      Level
   a - Infusion                       Charms                       1
   b - Shroud of Golubria             Charms/Translocation         2
   c - Song of Slaying                Charms                       2
   d - Spectral Weapon                Hexes/Charms                 3
   e - Regeneration                   Charms/Necromancy            3
Comestibles
 d - 2 rations


   Skills:
 + Level 2.6 Fighting
   Level 2.0 Long Blades
 + Level 2.0 Armour
 - Level 1.7 Dodging
 * Level 1.5 Stealth
 - Level 2.0 Spellcasting
 + Level 3.1 Charms


You had 2 spell levels left.
You knew the following spells:

 Your Spells              Type           Power        Failure   Level  Hunger
a - Shroud of Golubria    Chrm/Tloc      #.........   24%         2    ###....
b - Song of Slaying       Chrm           ##......     13%         2    ###....
c - Infusion              Chrm           ##..         9%          1    ##.....


Dungeon Overview and Level Annotations

Branches:
Dungeon (2/15)

Altars:
Vehumet
Xom

Annotations:
D:2 Robin


Innate Abilities, Weirdness & Mutations

You have sharp toenails.
You are slightly more attuned to the shadows.


Message History

You feel sick.
* * * LOW HITPOINT WARNING * * *
You feel sick.
It was a potion of magic.
Magic courses through your body.
* * * LOW HITPOINT WARNING * * *
You feel sick.
Robin roars a battlecry!
It was a potion of curing.
You feel better. The orc wizard casts a spell at you.
You feel yourself slow down. The orc wizard casts a spell at you.
The magic dart hits you!
* * * LOW HITPOINT WARNING * * *
You see here a club.
It was a potion of agility.
You feel agile all of a sudden. Robin closely misses you.
The orc wizard gestures at you while chanting.
The magic dart hits you!
You die...

#.##.......# #.##.......##
#......_..... #.##.......##
#.##.......## #.##.......##
#################.#####.#####
..................#####.#####
##.<.......#..@o.#####.........
#.. ###....#####g#####.........
###.#####....# #.##............
.............# #g##.##.........
....#####..<.#####gg..##.........
#..### #####ggg)..######.......#
##...## #.gg####..# ##.....##
###..#####.#######.### #######
##..#........# #...#


You could see Robin and an orc wizard.

Vanquished Creatures
  3 adders (D:2)
  2 dart slugs (D:1)
  An orc (D:2)
  6 goblins
  8 hobgoblins
  2 jackals (D:1)
  5 bats
  2 frilled lizards (D:1)
  5 kobolds (D:1)
  3 rats (D:1)
37 creatures vanquished.

Notes
Turn   | Place    | Note
-------+----------+-------------------------------------------
     0 | D:1      | Ivernyr the Demonspawn Skald began the quest for the Orb.
     0 | D:1      | Reached XP level 1. HP: 16/16 MP: 3/3
    25 | D:1      | Reached skill level 1 in Armour
   490 | D:1      | Gained mutation: You are slightly more attuned to the shadows. [demonic ancestry]
   490 | D:1      | Reached XP level 2. HP: 20/22 MP: 5/5
   640 | D:1      | Learned a level 2 spell: Song of Slaying
   643 | D:1      | Learned a level 2 spell: Shroud of Golubria
   854 | D:1      | Reached skill level 3 in Charms
  1423 | D:1      | Reached XP level 3. HP: 28/28 MP: 6/6
  1590 | D:2      | Found a radiant altar of Vehumet.
  1662 | D:2      | Reached skill level 1 in Stealth
  1801 | D:2      | Found a shimmering altar of Xom.
  1927 | D:2      | Gained mutation: You have sharp toenails. [demonic ancestry]
  1927 | D:2      | Reached XP level 4. HP: 34/34 MP: 7/7
  1963 | D:2      | Noticed Robin
  2019 | D:2      | HP: 1/34 [orc wizard/magic dart (11)]
  2020 | D:2      | Killed from afar by an orc wizard

Skill      XL: |  1  2  3 |
---------------+----------+-----
Armour         | 1 2 |  2.0
Long Blades    | 2 |  2.0
Charms         | 3 |  3.1
Stealth        | 1 |  1.5
Fighting       | |  2.6
Dodging        | |  1.7
Spellcasting   | |  2.0

Action                   |  1- 3 |  4- 6 || total
-------------------------+-------+-------++-------
Melee: Falchion          |    84 |       ||    84
       Dagger            |    48 |     9 ||    57
       Kick              |       |     5 ||     5
 Cast: Infusion          |     1 |       ||     1
       Shroud of Golubri |     3 |     1 ||     4
       Song of Slaying   |     1 |       ||     1
  Use: Potion            |       |     3 ||     3
 Stab: Sleeping          |     5 |       ||     5
  Eat: Chunk             |     4 |       ||     4
Armor: Leather armour    |    42 |     1 ||    43
Dodge: Dodged            |    80 |     2 ||    82
       Rpst.: Falchion   |    16 |       ||    16
